 Dungeon Crawl Stone Soup version 0.24-a0-235-g3f03afcf10 (webtiles) character file.

Game seed: 9056341897563999438

60 Redear the Ducker (level 4, -16/31 HPs)
             Began as an Octopode Fighter on Apr 5, 2019.
             Demolished by an ogre
             ... wielding a +0 giant club
              (20 damage)
             ... on level 4 of the Dungeon.
             The game lasted 00:01:44 (1045 turns).

Redear the Ducker (Octopode Fighter)                Turns: 1045, Time: 00:01:44

Health: -16/31     AC:  1    Str: 15    XL:     4   Next: 6%
Magic:  4/4        EV: 12    Int: 11    God:
Gold:   40         SH:  8    Dex: 11    Spells: 3/3 levels left

rFire    . . .     SeeInvis .   a - +0 long sword
rCold    . . .     Gourm    .   b - +0 shield
rNeg     . . .     Faith    .   (helmet restricted)
rPois    .         Spirit   .   (no amulet)
rElec    .         Reflect  .   (no ring)
rCorr    .         Harm     .   (no ring)
MR       .....                  (no ring)
Stlth    +++.......             (no ring)
HPRegen  0.10/turn              (no ring)
MPRegen  0.09/turn              (no ring)
                                (no ring)
                                (no ring)

@: no status effects
A: almost no armour, stealthy swim, amphibious, 8 rings, constrict 8, camouflage
1, gelatinous body 1
a: no special abilities


You were on level 4 of the Dungeon.
You were hungry.

You visited 1 branch of the dungeon, and saw 3 of its levels.

You collected 40 gold pieces.

Inventory:

Hand Weapons
 a - a +0 long sword (weapon)
Armour
 b - a +0 shield (worn)
Scrolls
 e - 3 scrolls of identify {unknown}
 h - a scroll of amnesia {unknown}
 j - a scroll of remove curse {unknown}
Potions
 c - 2 potions of might {Str+5 DMG+1d10 | @q3}
 d - a potion of cancellation {unknown}
 f - 2 potions of haste {unknown}
 g - a potion of curing {unknown}
 i - a potion of degeneration {unknown}
Comestibles
 z - 3 rations


   Skills:
 + Level 3.4 Fighting
 + Level 2.5 Long Blades
 + Level 3.4 Dodging
 + Level 2.0 Stealth
 + Level 3.4 Shields


You had 3 spell levels left.
You didn't know any spells.
Your spell library was empty.

Dungeon Overview and Level Annotations

Branches:
Dungeon (2/15)

Altars:


Innate Abilities, Weirdness & Mutations

You cannot wear most types of armour.
You are very stealthy in the water. (Stealth+)
You are amphibious.
You can wear up to eight rings at the same time.
You can use your tentacles to constrict eight enemies at once.
Your skin changes colour to match your surroundings (Stealth+).
Your rubbery body absorbs attacks. (AC +1, EV +1)


Message History

You are too injured to fight recklessly!
You are too injured to fight recklessly!
You are too injured to fight recklessly!
You are too injured to fight recklessly!
You are too injured to fight recklessly!
You are too injured to fight recklessly!
You are too injured to fight recklessly!
You are too injured to fight recklessly!
You are too injured to fight recklessly!
Unknown command.
You barely miss the ogre.
The ogre is severely wounded.
You block the ogre's attack.
Unknown command.
Your shield prevents you from hitting the ogre.
The ogre is severely wounded.
You block the ogre's attack.
The ogre hits you with a +0 giant club!!
Ouch! That really hurt!
You die...

.#### #..# #......##
#..# #.......# #..#
#.......## #..#
.........###..##
..........##...#########
.......................#
..........#..####.......
......O@.###.># ####....
........## #..# #....
........# ##..# #....
..>....## #..# #....
###..## ##.# #.... ###
.. #.... ..# #.... #..
###.. ###


You could see an ogre.

Vanquished Creatures
  2 adders (D:2)
  An ooze (D:1)
  3 leopard geckos
  6 bats (D:1)
  A giant cockroach (D:1)
  6 goblins
  3 hobgoblins
  2 frilled lizards (D:1)
  3 kobolds (D:1)
  7 rats (D:1)
34 creatures vanquished.

Notes
Turn   | Place    | Note
-------+----------+-------------------------------------------
     0 | D:1      | Redear the Octopode Fighter began the quest for the Orb.
     0 | D:1      | Reached XP level 1. HP: 16/16 MP: 1/1
    71 | D:1      | Reached XP level 2. HP: 16/21 MP: 2/2
    77 | D:1      | Reached skill level 1 in Stealth
   297 | D:1      | Reached XP level 3. HP: 19/26 MP: 3/3
   921 | D:2      | Reached skill level 2 in Stealth
   923 | D:2      | Reached XP level 4. HP: 27/31 MP: 4/4
   984 | D:2      | You fall through a shaft for 2 floors!
  1035 | D:4      | Noticed an ogre
  1045 | D:4      | Demolished by an ogre

Levels and vault maps discovered:
D:1:      kennysheep_arrival_seaside, layout_basic
D:2:      layout_basic, lemuel_doored_altar, minmay_misc_feat_plants,
          grunt_dithmenos_smoke_and_mirrors
D:4:      layout_cave_pods, first_ration, gammafunk_ghost_mausoleum,
          kennysheep_slug_shrine, uniq_natasha

Skill      XL: |  1  2  3 |
---------------+----------+-----
Stealth        | 1 2 |  2.0
Fighting       | |  3.4
Long Blades    | |  2.5
Dodging        | |  3.4
Shields        | |  3.4

Action                   |  1- 3 |  4- 6 || total
-------------------------+-------+-------++-------
Melee: Long sword        |    63 |    12 ||    75
       Constrict         |    21 |       ||    21
       Tentacles         |    11 |     1 ||    12
 Stab: Sleeping          |     8 |       ||     8
Armor: Skin              |    14 |       ||    14
Dodge: Dodged            |    38 |     3 ||    41
Block: Shield            |    34 |     6 ||    40
       Rpst.: Long sword |    11 |     2 ||    13

Table legend:
 A = Non-vault XP
 B = Vault XP
 C = Vault XP percentage of total XP
 D = Non-vault monster count
 E = Vault monster count
 F = Vault count percentage of total count
                 A         B        C        D         E       F
            +---------+---------+-------+---------+---------+-------
      Total |      87 |       0 |   0.0 |      34 |       0 |   0.0
            +---------+---------+-------+---------+---------+-------
        D:1 |      48 |       0 |   0.0 |      27 |       0 |   0.0
        D:2 |      39 |       0 |   0.0 |       7 |       0 |   0.0
            +---------+---------+-------+---------+---------+-------
